Map: Oxide LE

Players

Astrea - Winner!

  • Race: Protoss Protoss
  • League: Master
  • Spawn Location: 7:00

TLO

  • Race: Zerg Zerg
  • League: Master
  • Spawn Location: 1:00

Event: DreamHack SC2 Masters 2020 Winter

VOD

Have the link to the VOD?

Description

Time

  • Played on: Nov. 1, 2020, 3:52 p.m.
  • Length: 16:35

All games in this series

Show
View Real Time Build Order
Export as new Build Order

Astrea Protoss - Winner!

Build Orders: 1 Gate Expand, Oracle Opening, Archon Immortal 

Get SALT Encoding   

  12  0:00  Probe  
  13  0:12  Probe  
  14  0:17  Pylon  
  14  0:24  Probe (Chrono Boost)  
  15  0:37  Probe (Chrono Boost)  
  15  0:38  Gateway  
  16  0:45  Probe (Chrono Boost)  
  16  0:46  Assimilator  
  17  0:51  Probe  
  18  1:03  Probe  
  19  1:15  Probe  
  20  1:23  Nexus  
  20  1:34  Forge  
  20  1:36  Cybernetics Core  
  21  1:40  Probe  
  21  1:45  Assimilator  
  21  1:52  Probe  
  22  1:55  Pylon  
  22  2:04  Probe (Chrono Boost)  
  23  2:10  Adept (Chrono Boost)  
  23  2:14  Probe (Chrono Boost)  
  26  2:17  Stargate  
  26  2:19  Probe (Chrono Boost)  
  27  2:26  Warp Gate  
  27  2:33  Adept, Probe (Chrono Boost)  
  30  2:37  Probe (Chrono Boost)  
  32  2:47  Probe x2 (Chrono Boost)  
  33  2:51  Probe (Chrono Boost)  
  33  2:55  Probe  
  35  3:00  Oracle (Chrono Boost)  
  35  3:03  Probe  
  39  3:07  Pylon, Probe  
  40  3:14  Gateway  
  40  3:15  Probe  
  40  3:19  Probe  
  42  3:24  Void Ray (Chrono Boost)  
  42  3:27  Probe  
  42  3:34  Probe  
  48  3:40  Pylon, Probe  
  49  3:46  Probe  
  50  3:52  Probe  
  50  3:53  Nexus  
  51  3:55  Pylon  
  51  3:58  Void Ray (Chrono Boost)  
  51  4:00  Probe  
  50  4:06  Probe  
  50  4:08  Assimilator  
  54  4:10  Assimilator  
  54  4:13  Probe  
  54  4:14  Pylon, Adept x2  
  59  4:19  Probe  
  60  4:25  Probe  
  61  4:31  Probe  
  61  4:33  Nexus  
  61  4:34  Pylon  
  61  4:35  Void Ray  
  61  4:37  Probe  
  63  4:45  Probe  
  68  4:49  Probe  
  69  4:57  Probe  
  69  4:59  Pylon  
  70  5:00  Sentry x2  
  70  5:01  Probe  
  70  5:02  Shield Battery  
  75  5:09  Forge, Probe  
  75  5:10  Twilight Council  
  75  5:13  Probe  
  77  5:21  Probe  
  77  5:25  Robotics Facility, Probe (Chrono Boost)  
  79  5:33  Probe (Chrono Boost)  
  80  5:37  Probe (Chrono Boost)  
  80  5:42  Gateway  
  81  5:43  Gateway  
  81  5:44  Protoss Ground Weapons Level 1 (Chrono Boost), Probe (Chrono Boost)  
  81  5:46  Probe (Chrono Boost)  
  81  5:47  Charge  
  81  5:49  Probe x2 (Chrono Boost)  
  84  5:51  Probe  
  86  5:57  Gateway  
  86  5:58  Gateway  
  86  5:59  Probe  
  86  6:00  Probe  
  86  6:04  Assimilator, Probe  
  89  6:09  Assimilator  
  89  6:13  Probe, Templar Archives  
  89  6:14  Probe  
  89  6:16  Gateway x2  
  91  6:25  Pylon  
  91  6:28  Pylon  
  91  6:30  Immortal (Chrono Boost)  
  95  6:33  Photon Cannon  
  95  6:37  Pylon  
  95  6:42  Photon Cannon, Shield Battery  
  95  6:46  Photon Cannon  
  95  6:47  Shield Battery  
  95  6:50  Sentry  
  95  6:52  High Templar  
  95  6:53  High Templar, Zealot x3  
  107  6:58  Archon  
  107  7:03  Immortal (Chrono Boost)  
  107  7:06  Pylon  
  107  7:08  Pylon  
  111  7:14  Shield Battery  
  111  7:15  Stalker x4  
  111  7:19  Sentry  
  111  7:22  Stalker  
  123  7:28  Zealot x2  
  119  7:36  Shield Battery x2  
  115  7:40  Immortal  
  115  7:41  High Templar x2, Zealot  
  115  7:42  Zealot  
  127  7:45  Archon  
  127  7:47  Zealot  
  127  7:48  Zealot  
  131  7:53  Protoss Ground Weapons Level 2 (Chrono Boost)  
  131  7:58  High Templar x2  
  133  8:02  Pylon  
  133  8:03  Archon  
  133  8:05  Photon Cannon  
  135  8:08  Zealot x2  
  135  8:09  Zealot  
  131  8:22  Zealot x3  
  111  8:30  Zealot x5, Immortal (Chrono Boost)  
  111  8:34  Psionic Storm  
  121  8:45  High Templar x2, Zealot  
  127  8:55  Archon  
  127  8:57  Zealot  
  127  8:58  Zealot x4  
  129  9:05  Immortal (Chrono Boost)  
  125  9:15  High Templar  
  127  9:17  High Templar  
  127  9:18  High Templar  
  127  9:21  Zealot x5  
  129  9:41  Zealot x5  
  125  9:50  Zealot x3, Immortal (Chrono Boost)  
  115  10:06  High Templar x5  
  111  10:09  Archon  
  111  10:10  Zealot x2  
  111  10:12  Zealot  
  111  10:13  Archon  
  103  10:16  Archon  
  101  10:25  Immortal (Chrono Boost)  
  105  10:33  High Templar x2  
  109  10:40  High Templar  
  111  10:50  Nexus  
  111  10:53  Pylon  
  111  10:56  High Templar  
  117  10:58  Observer (Chrono Boost)  
  114  11:10  Protoss Ground Weapons Level 3 (Chrono Boost)  
  113  11:15  High Templar x2, Warp Prism (Chrono Boost), Zealot x5  
  129  11:20  Archon  
  129  11:24  Nexus  
  129  11:25  Pylon  
  127  11:33  Observer  
  127  11:41  Immortal (Chrono Boost)  
  127  11:44  Photon Cannon, Shield Battery  
  131  11:48  Zealot x8  
  141  12:07  Probe x3  
  144  12:10  Immortal (Chrono Boost)  
  144  12:18  Pylon, Blink (Chrono Boost)  
  144  12:19  Probe x3  
  147  12:23  Assimilator  
  147  12:25  High Templar  
  147  12:26  High Templar x3, Assimilator  
  147  12:28  Photon Cannon, Zealot  
  157  12:31  Pylon  
  157  12:33  Probe  
  157  12:35  Photon Cannon  
  157  12:36  Photon Cannon  
  157  12:37  Photon Cannon  
  156  12:39  Photon Cannon  
  156  12:41  Archon x2  
  150  12:44  Photon Cannon  
  150  12:48  Stalker x3  
  150  12:49  Stalker  
  152  12:57  Warp Prism (Chrono Boost)  
  142  13:02  Probe x4  
  142  13:05  High Templar  
  146  13:09  Stalker x2  
  150  13:17  Probe x3  
  150  13:18  Probe  
  154  13:27  High Templar  
  154  13:29  Probe x2  
  154  13:32  High Templar, Photon Cannon  
  154  13:33  Photon Cannon  
  160  13:34  Photon Cannon  
  160  13:35  Photon Cannon  
  160  13:39  Stalker x2  
  164  13:50  Protoss Shields Level 1 (Chrono Boost)  
  164  13:59  High Templar  
  164  14:00  High Templar x3  
  168  14:10  Zealot x4  
  176  14:19  Nexus  
  176  14:22  Pylon  
  176  14:28  Gateway  
  176  14:30  Gateway  
  176  14:41  Archon x2, Pylon  
  176  14:45  Photon Cannon  
  176  14:46  High Templar  
  176  14:47  High Templar x6, Photon Cannon  
  176  14:50  Photon Cannon  
  176  14:51  Archon x3, Shield Battery  
  190  14:53  Zealot  
  182  15:28  Fleet Beacon  
  182  15:32  Stargate  
  182  15:33  Stargate  
  162  15:40  Zealot x2  
  162  15:41  Zealot x8  
  180  16:04  Observer  
  176  16:24  Archon  
  154  16:28  Zealot x9  
  154  16:29  Zealot  
Show
View Real Time Build Order
Export as new Build Order

TLO Zerg 

Build Orders: Hatch First, Lurkers 

Get SALT Encoding   

  12  0:00  Drone  
  13  0:12  Overlord  
  13  0:17  Drone  
  14  0:30  Drone  
  14  0:31  Drone  
  16  0:47  Hatchery  
  15  0:51  Drone  
  15  0:55  Drone  
  17  0:58  Drone  
  17  1:03  Extractor  
  17  1:14  Spawning Pool  
  17  1:16  Drone  
  17  1:20  Drone  
  18  1:28  Drone  
  19  1:40  Drone  
  20  1:50  Drone  
  21  2:00  Queen  
  21  2:01  Queen, Zergling x2  
  25  2:02  Zergling x2  
  25  2:07  Metabolic Boost  
  27  2:13  Overlord  
  27  2:16  Drone  
  28  2:25  Drone, Extractor  
  29  2:33  Drone  
  30  2:38  Hatchery  
  29  2:44  Zergling x2  
  29  2:46  Overlord  
  29  2:48  Drone  
  29  2:49  Drone  
  32  2:56  Overlord  
  32  2:57  Drone  
  32  3:04  Zergling x2  
  33  3:07  Drone  
  33  3:11  Drone x2  
  33  3:12  Zergling x2  
  37  3:14  Queen  
  37  3:15  Drone  
  40  3:20  Queen  
  40  3:23  Zergling x2  
  43  3:28  Drone, Spore Crawler  
  43  3:31  Drone  
  44  3:36  Drone  
  45  3:41  Drone, Spore Crawler  
  45  3:45  Drone, Overlord  
  45  3:46  Drone  
  48  3:48  Drone  
  48  3:51  Drone  
  49  3:59  Drone  
  49  4:00  Drone  
  49  4:01  Drone  
  48  4:03  Drone  
  48  4:04  Drone  
  48  4:06  Spore Crawler  
  49  4:10  Drone  
  49  4:11  Drone x2  
  49  4:12  Drone  
  49  4:13  Drone  
  49  4:16  Drone x2  
  56  4:18  Drone  
  56  4:22  Drone  
  56  4:23  Drone x2  
  60  4:26  Drone  
  60  4:30  Lair  
  61  4:32  Overlord  
  61  4:35  Drone  
  61  4:38  Overlord  
  62  4:45  Drone  
  62  4:46  Overlord  
  62  4:48  Drone  
  62  4:51  Drone  
  65  4:53  Drone  
  65  4:55  Drone x4  
  65  4:56  Extractor x2  
  65  4:57  Zergling x2  
  65  4:58  Extractor, Zergling x2  
  65  4:59  Zergling x2  
  70  5:01  Drone  
  70  5:02  Drone  
  70  5:04  Drone  
  70  5:06  Extractor  
  72  5:07  Drone  
  72  5:08  Baneling Nest  
  72  5:09  Zergling x2  
  72  5:12  Drone  
  74  5:17  Drone x2  
  74  5:18  Extractor  
  74  5:23  Drone x2  
  74  5:26  Drone  
  74  5:27  Drone  
  78  5:29  Overlord  
  78  5:31  Hydralisk Den  
  78  5:33  Drone  
  78  5:34  Drone  
  78  5:35  Drone  
  80  5:36  Drone, Hydralisk Den  
  80  5:39  Drone  
  80  5:40  Overlord  
  81  5:44  Zergling x2  
  81  5:48  Overlord  
  81  5:49  Overlord  
  81  5:53  Overlord  
  81  5:56  Overlord  
  81  6:03  Muscular Augments, Overlord, Hydralisk x5  
  82  6:07  Grooved Spines  
  82  6:10  Zergling x2  
  90  6:12  Zergling x4  
  90  6:13  Zergling x2  
  90  6:14  Hydralisk x2  
  90  6:17  Hydralisk  
  99  6:19  Zergling x2  
  99  6:21  Zergling x4  
  102  6:26  Hydralisk  
  102  6:27  Hydralisk  
  102  6:28  Hydralisk  
  102  6:32  Zergling x4  
  109  6:33  Zergling x4  
  109  6:34  Zergling x2  
  109  6:35  Zergling x2  
  109  6:36  Overlord  
  109  6:38  Zergling x2  
  109  6:39  Overlord  
  114  6:48  Overlord x2, Hydralisk x2  
  114  6:52  Baneling x8  
  114  6:54  Baneling x3  
  118  6:58  Hydralisk  
  118  7:00  Hydralisk  
  121  7:01  Hydralisk  
  121  7:04  Baneling x2, Hydralisk  
  124  7:08  Hydralisk  
  124  7:11  Hydralisk x2  
  124  7:14  Hydralisk  
  131  7:16  Zergling x2  
  131  7:17  Zergling x2  
  131  7:18  Baneling x3  
  131  7:19  Baneling, Zergling x2  
  131  7:24  Hydralisk  
  131  7:26  Hydralisk x2  
  131  7:29  Hydralisk  
  132  7:31  Zergling x2  
  132  7:32  Zergling x4  
  132  7:33  Zergling x2  
  132  7:35  Zergling x2  
  132  7:36  Zergling x2  
  135  7:40  Zergling x2  
  136  7:45  Zergling x2  
  136  7:46  Baneling  
  136  7:47  Baneling x5  
  136  7:48  Zergling x2  
  136  7:49  Zergling x2  
  139  7:51  Zergling x2  
  139  7:54  Hatchery  
  139  7:57  Zergling x4  
  139  7:58  Overlord  
  141  7:59  Zergling x2  
  141  8:00  Baneling x7  
  141  8:01  Zergling x2  
  141  8:04  Zergling x2  
  144  8:06  Hydralisk x2  
  144  8:08  Hydralisk  
  144  8:10  Hydralisk  
  150  8:14  Zergling x4  
  150  8:17  Hydralisk x2  
  140  8:21  Hydralisk  
  140  8:22  Hydralisk  
  140  8:24  Zergling x2  
  140  8:25  Zergling x2  
  140  8:26  Baneling x2  
  138  8:30  Zergling x4  
  138  8:32  Zergling x2  
  138  8:33  Baneling x3  
  129  8:34  Baneling  
  129  8:35  Hydralisk  
  129  8:36  Zergling x2  
  129  8:37  Baneling  
  129  8:40  Hydralisk  
  133  8:41  Evolution Chamber  
  133  8:42  Baneling x2  
  133  8:45  Hydralisk  
  133  8:46  Baneling x2, Zergling x2  
  133  8:47  Zergling x2  
  133  8:48  Baneling  
  136  8:51  Hydralisk  
  136  8:52  Zergling x2  
  139  8:58  Zergling x4  
  139  8:59  Zergling x2  
  139  9:00  Zergling x4  
  139  9:04  Baneling x6  
  139  9:06  Hydralisk  
  139  9:07  Drone  
  139  9:10  Zergling x4  
  139  9:12  Zergling x2  
  139  9:13  Zergling x4, Hydralisk  
  139  9:16  Zergling x2  
  148  9:17  Zergling x2  
  148  9:18  Zergling x2  
  148  9:20  Baneling  
  148  9:26  Zergling x2  
  148  9:27  Zergling x2  
  148  9:30  Baneling x3  
  142  9:32  Zergling x2  
  142  9:33  Baneling  
  142  9:34  Baneling x2, Zergling x2, Hydralisk x2  
  142  9:35  Hydralisk  
  149  9:39  Hydralisk x2  
  149  9:41  Zergling x2  
  149  9:43  Zergling x2  
  149  9:45  Zergling x4  
  146  9:46  Zergling x2  
  146  9:47  Zergling x2  
  146  9:50  Zergling x4  
  150  9:59  Zergling x2  
  130  10:00  Zergling x2  
  130  10:01  Drone x2  
  130  10:02  Hydralisk  
  122  10:07  Hydralisk x2  
  122  10:09  Hydralisk x3  
  122  10:12  Zergling x2  
  123  10:16  Zergling x2  
  123  10:17  Zergling x2  
  123  10:21  Zerg Ground Armor Level 1  
  116  10:28  Spire  
  116  10:34  Drone  
  116  10:36  Drone, Hatchery  
  116  10:38  Centrifical Hooks  
  116  10:41  Baneling x4  
  116  10:43  Baneling  
  116  10:45  Drone  
  116  10:46  Drone x2  
  116  10:48  Drone  
  116  10:49  Drone  
  121  10:50  Drone  
  121  10:51  Drone  
  121  10:55  Overlord  
  123  10:58  Zergling x2  
  123  11:00  Overlord  
  124  11:06  Extractor x2  
  121  11:14  Baneling  
  121  11:15  Baneling x2, Hydralisk x4  
  129  11:20  Drone  
  130  11:32  Overlord, Overseer  
  128  11:40  Baneling x4  
  128  11:42  Mutalisk x7  
  128  11:45  Mutalisk  
  144  11:50  Zergling x2  
  144  11:51  Zergling x2  
  144  11:52  Zergling x2  
  144  11:54  Evolution Chamber, Zergling x4  
  147  11:55  Zergling x2  
  147  12:00  Zergling x4, Hydralisk  
  152  12:02  Zergling x2  
  152  12:03  Zergling x2  
  152  12:06  Zergling x2  
  152  12:07  Hydralisk  
  157  12:08  Zergling x2  
  157  12:10  Baneling  
  157  12:11  Zergling x2  
  157  12:15  Zergling x2, Zerg Missile Weapons Level 1  
  157  12:20  Zergling x2  
  157  12:22  Zerg Melee Weapons Level 1  
  158  12:23  Hydralisk x2  
  158  12:25  Hydralisk x2  
  158  12:29  Hydralisk x2  
  166  12:34  Drone, Infestation Pit  
  170  12:43  Hydralisk x2  
  169  12:45  Hydralisk  
  169  12:46  Drone  
  168  12:54  Hydralisk x3  
  168  12:55  Drone  
  168  12:57  Zergling x2, Overlord  
  162  12:59  Overlord  
  162  13:04  Lurker Den  
  161  13:08  Baneling x2  
  161  13:10  Hive  
  161  13:11  Overlord  
  161  13:13  Lurker Den  
  161  13:14  Zergling x2  
  161  13:18  Drone  
  161  13:19  Zergling x4  
  164  13:20  Baneling x7  
  165  13:27  Zergling x2  
  165  13:29  Spore Crawler  
  165  13:30  Drone  
  165  13:44  Zergling x2  
  166  13:48  Spore Crawler  
  166  13:50  Hatchery  
  164  14:01  Lurker x9  
  173  14:06  Drone  
  174  14:13  Lurker x3  
  174  14:14  Pneumatized Carapace  
  174  14:15  Drone  
  178  14:18  Drone  
  178  14:23  Seismic Spines, Adaptive Talons  
  179  14:27  Overlord, Hydralisk  
  179  14:29  Hydralisk x3  
  187  14:32  Hatchery  
  187  14:33  Lurker  
  187  14:36  Drone  
  187  14:37  Drone, Zergling x2  
  191  14:38  Zergling x4  
  191  14:40  Extractor  
  191  14:41  Extractor  
  191  14:44  Hydralisk  
  192  14:50  Hydralisk x2  
  196  14:55  Hydralisk  
  196  14:56  Overseer x3  
  198  15:04  Zergling x2  
  199  15:10  Zergling x2  
  199  15:11  Zergling x2  
  197  15:16  Hydralisk x2  
  197  15:19  Hydralisk x3  
  197  15:20  Hydralisk x2  
  177  15:21  Hydralisk  
  177  15:22  Hydralisk  
  177  15:23  Zergling x4  
  177  15:26  Zergling x4  
  168  15:30  Zergling x2, Hydralisk  
  168  15:33  Lurker  
  168  15:35  Zergling x4  
  159  15:38  Hydralisk  
  159  15:40  Zergling x2  
  157  15:43  Hydralisk  
  157  15:45  Lurker  
  157  15:48  Drone  
  157  15:56  Corruptor x2  
  145  16:05  Hydralisk x2  
  145  16:08  Hydralisk  
Tags
 
Add a new tag
Caveats
  • Supply blocks, unpowered buildings, or Contaminate may cause inaccurate times.
  • Supply counts are checked every 10 seconds.